[Event "2nd China Binhai Open 2020"]
[Site "Tianjin"]
[Date "2020.01.13"]
[Round "1.30"]
[White "Zhu, Chenxi"]
[Black "Qiu, Mengjie"]
[Result "1/2-1/2"]
[ECO "A00"]
[WhiteElo "1286"]
[BlackElo "2167"]
[PlyCount "76"]
[EventDate "2020.01.13"]
[EventType "swiss"]
[EventRounds "9"]
[EventCountry "CHN"]
[TimeControl "5400+30"]

1. e4 c6 2. d4 d5 3. Nc3 dxe4 4. Nxe4 Bf5 5. Ng3 Bg6 6. h4 h6 7. Nf3 e6 8. h5 Bh7 9. Bd3 Bxd3 10. Qxd3 Nf6 11. Bd2 c5 12. Bc3 Nc6 13. O-O-O Be7 14. Qb5 Qb6 15. Qc4 O-O 16. dxc5 Qxc5 17. Qxc5 Bxc5 18. Bxf6 gxf6 19. Ne4 Be7 20. Rd7 f5 21. Nc3 b6 22. Rhd1 Bc5 23. R1d2 Rfd8 24. Nd1 Kg7 25. c3 a5 26. Ne5 Rxd7 27. Nxd7 Be7 28. Nxb6 Ra6 29. Nc4 Bg5 30. Nde3 f4 31. Nd1 f3 32. Nde3 fxg2 33. Rd1 Kf6 34. Kc2 Bxe3 35. Nxe3 Kg5 36. Nxg2 Kxh5 37. Kb3 Rb6+ 38. Ka3 Ne5 1/2-1/2

[Event "2nd China Binhai Open 2020"]
[Site "Tianjin"]
[Date "2020.01.13"]
[Round "1.31"]
[White "Li, Shanglin"]
[Black "Matsuoka, Junichiro"]
[Result "1-0"]
[ECO "A00"]
[WhiteElo "2020"]
[BlackElo "1216"]
[PlyCount "25"]
[EventDate "2020.01.13"]
[EventType "swiss"]
[EventRounds "9"]
[EventCountry "CHN"]
[TimeControl "5400+30"]

1. d4 Nf6 2. c4 e6 3. Nc3 d5 4. cxd5 exd5 5. Bg5 Be7 6. e3 c5 7. dxc5 Bxc5 8. Bxf6 Qxf6 9. Qxd5 Bb4 10. Bb5+ Nc6 11. Qe4+ Be7 12. Nd5 Qe6 13. Nxe7 1-0

[Event "2nd China Binhai Open 2020"]
[Site "Tianjin"]
[Date "2020.01.13"]
[Round "1.38"]
[White "Li, Konstantin N."]
[Black "Du, Yuxin"]
[Result "1/2-1/2"]
[ECO "A00"]
[WhiteElo "1454"]
[BlackElo "2073"]
[PlyCount "60"]
[EventDate "2020.01.13"]
[EventType "swiss"]
[EventRounds "9"]
[EventCountry "CHN"]
[TimeControl "5400+30"]

1. e4 c6 2. d4 d5 3. exd5 cxd5 4. Nf3 Nc6 5. Bb5 Bg4 6. h3 Bxf3 7. Qxf3 e6 8. Nd2 Qb6 9. Bxc6+ bxc6 10. Nb3 Nf6 11. O-O Be7 12. Qg3 O-O 13. Bh6 Ne8 14. Bg5 Bxg5 15. Qxg5 Nd6 16. Rab1 Ne4 17. Qe3 Qa6 18. a3 Rfb8 19. f3 Nd6 20. Nc5 Qc4 21. Qf4 Nf5 22. c3 Qa2 23. Nd3 Rb6 24. Ra1 Qc4 25. Ne5 Qe2 26. Rf2 Qe3 27. Qxe3 Nxe3 28. b4 a5 29. Rfa2 Nf5 30. Nd7 Rb7 1/2-1/2

[Event "2nd China Binhai Open 2020"]
[Site "Tianjin"]
[Date "2020.01.13"]
[Round "1.39"]
[White "Amilal Munkhdalai"]
[Black "Li, Yanzhe"]
[Result "1-0"]
[ECO "A00"]
[WhiteElo "2126"]
[BlackElo "1797"]
[PlyCount "81"]
[EventDate "2020.01.13"]
[EventType "swiss"]
[EventRounds "9"]
[EventCountry "CHN"]
[TimeControl "5400+30"]

1. e4 e5 2. Nf3 Nc6 3. Bb5 Nd4 4. Nxd4 exd4 5. d3 c6 6. Bc4 d5 7. exd5 cxd5 8. Bb5+ Bd7 9. Bxd7+ Qxd7 10. O-O Be7 11. Nd2 Nf6 12. Nf3 O-O 13. Nxd4 h6 14. Qf3 Rac8 15. Re1 Rfe8 16. Bd2 Bd6 17. Rxe8+ Rxe8 18. Nf5 Be5 19. c3 Qc7 20. h3 Bh2+ 21. Kh1 Be5 22. Re1 Bd6 23. Rxe8+ Nxe8 24. Qxd5 Qc6 25. Qxc6 bxc6 26. Nxd6 Nxd6 27. g3 Kh7 28. Kg2 Kg6 29. Kf3 Kf5 30. a4 a6 31. b4 h5 32. c4 Nb7 33. a5 g6 34. b5 axb5 35. a6 Nc5 36. a7 Nxd3 37. a8=Q bxc4 38. Bc3 g5 39. Qc8+ Kg6 40. Qg8+ Kh6 41. Qg7# 1-0

[Event "2nd China Binhai Open 2020"]
[Site "Tianjin"]
[Date "2020.01.13"]
[Round "1.47"]
[White "Hong, Xing"]
[Black "Zhang, Kevin W"]
[Result "1-0"]
[ECO "A00"]
[WhiteElo "1971"]
[BlackElo "1118"]
[PlyCount "47"]
[EventDate "2020.01.13"]
[EventType "swiss"]
[EventRounds "9"]
[EventCountry "CHN"]
[TimeControl "5400+30"]

1. e4 c5 2. Nf3 Nc6 3. d4 cxd4 4. Nxd4 Nf6 5. Nc3 e5 6. Ndb5 d6 7. Nd5 Nxd5 8. exd5 Ne7 9. c3 Nf5 10. Qa4 Bd7 11. Bd3 g6 12. Qb4 Be7 13. Bxf5 Bxf5 14. Bh6 a6 15. Na3 Rb8 16. O-O b5 17. f4 Qb6+ 18. Kh1 Bf6 19. Rae1 a5 20. Qb3 Qc5 21. c4 b4 22. Nb5 Bd7 23. Nxd6+ Ke7 24. fxe5 1-0

[Event "2nd China Binhai Open 2020"]
[Site "Tianjin"]
[Date "2020.01.13"]
[Round "1.49"]
[White "Lin Zhaochen"]
[Black "Zhang, Yichi"]
[Result "1/2-1/2"]
[ECO "A00"]
[WhiteElo "1934"]
[BlackElo "1638"]
[PlyCount "84"]
[EventDate "2020.01.13"]
[EventType "swiss"]
[EventRounds "9"]
[EventCountry "CHN"]
[TimeControl "5400+30"]

1. e4 e6 2. d4 d5 3. Nd2 c5 4. Ngf3 Nc6 5. exd5 exd5 6. Bb5 Bd6 7. dxc5 Bxc5 8. O-O Nge7 9. Nb3 Bb6 10. Re1 O-O 11. Be3 Bc7 12. Nbd4 Nxd4 13. Nxd4 Qd6 14. g3 Qd8 15. Bf1 Nf5 16. Bg2 Nxe3 17. Rxe3 Bb6 18. Rd3 Be6 19. Qd2 Qf6 20. c3 Rac8 21. Re1 Rfd8 22. Qe2 Rf8 23. Nxe6 fxe6 24. Rf3 Qe7 25. Qxe6+ Qxe6 26. Rxe6 Rxf3 27. Bxf3 Rd8 28. Re2 Rd7 29. Rd2 d4 30. c4 Bc5 31. Bd5+ Kf8 32. Rd1 a5 33. a3 b6 34. Rb1 Re7 35. b4 axb4 36. axb4 Bd6 37. Kf1 Re5 38. Rb2 g5 39. f3 h6 40. Kf2 Ke7 41. Rb3 Kf6 42. h3 Re7 1/2-1/2

[Event "2nd China Binhai Open 2020"]
[Site "Tianjin"]
[Date "2020.01.13"]
[Round "2.2"]
[White "Zhou, Jianchao"]
[Black "Yan, Tianqi"]
[Result "1-0"]
[WhiteElo "2623"]
[BlackElo "2240"]
[Annotator "RC"]
[PlyCount "160"]
[EventDate "2020.01.13"]
[EventType "swiss"]
[EventRounds "9"]
[EventCountry "CHN"]
[TimeControl "5400+30"]
[WhiteClock "0:02:28"]
[BlackClock "0:02:47"]

1. d4 Nf6 2. c4 e6 3. Nf3 d5 4. Nc3 Bb4 5. Qa4+ Nc6 6. e3 O-O 7. Bd2 Qe7 8. a3 Bxc3 9. Bxc3 Ne4 10. Qc2 Re8 11. Rc1 a5 12. Bd3 Nxc3 13. Qxc3 dxc4 14. Qxc4 e5 15. d5 Na7 16. Be2 c6 17. O-O e4 18. Nd4 Qg5 19. Rfd1 cxd5 20. Qc7 Nc6 21. Bb5 Bg4 22. Bxc6 bxc6 23. Qg3 h6 24. h4 Qh5 25. Rd2 Bd7 26. Nxc6 Rac8 27. Qd6 Bxc6 28. Rxc6 Qxh4 29. Qxd5 Rxc6 30. Qxc6 Rd8 31. g3 Qe7 32. Rxd8+ Qxd8 33. Qxe4 Qd1+ 34. Kg2 Qb3 35. Qa8+ Kh7 36. Qxa5 Qb7+ 37. Kg1 Qxb2 38. Qf5+ Kg8 39. Qc8+ Kh7 40. Qa8 h5 41. a4 Qb1+ 42. Kg2 h4 43. g4 f5 44. Qd5 fxg4 45. Qh5+ Kg8 46. Qe8+ Kh7 47. Qh5+ Kg8 48. Qxg4 h3+ 49. Kh2 Qf1 50. Qf3 Qc4 51. Qa8+ Kh7 52. Kxh3 Qe6+ 53. Kh2 Qd6+ 54. f4 Qd3 55. Qg2 Kg8 56. e4 Qe3 57. f5 Qh6+ 58. Kg3 Qd6+ 59. Kh4 Qd8+ 60. Kg4 Qd1+ 61. Kg5 Qxa4 62. e5 Qd4 63. Kg6 Qb6+ 64. e6 Qd8 65. Qe4 Qe8+ 66. Kg5 Qe7+ 67. Kg4 Kh8 68. Qh1+ Kg8 69. Qh4 Qb4+ 70. Kh5 Qb5 71. Qe4 Qe8+ 72. Kg4 Qe7 73. Qd3 g6 74. Qg3 gxf5+ 75. Kxf5+ Kf8 76. Qb8+ Qe8 77. Qd6+ Qe7 78. Ke5 Ke8 79. Qb8+ Qd8 80. Qxd8+ Kxd8 1-0

[Event "2nd China Binhai Open 2020"]
[Site "Tianjin"]
[Date "2020.01.13"]
[Round "2.10"]
[White "Xiang, Zeyu"]
[Black "Li, Guohao"]
[Result "1-0"]
[ECO "D13"]
[WhiteElo "2446"]
[BlackElo "2131"]
[PlyCount "59"]
[EventDate "2020.01.13"]
[EventType "swiss"]
[EventRounds "9"]
[EventCountry "CHN"]
[TimeControl "5400+30"]

1. d4 d5 2. c4 c6 3. cxd5 cxd5 4. Bf4 Nc6 5. e3 Nf6 6. Nc3 a6 7. Be2 e6 8. Nf3 Be7 9. h3 O-O 10. O-O Bd7 11. Rc1 Rc8 12. Bd3 Na5 13. Qe2 Nc4 14. Ne5 b5 15. Rc2 Bc6 16. Rfc1 Bb7 17. a4 Qb6 18. axb5 axb5 19. g4 Bd6 20. b3 Na3 21. Ra2 b4 22. g5 Ne4 23. Bxe4 dxe4 24. Nd7 Qc6 25. Bxd6 Qxd6 26. Nxf8 bxc3 27. Nd7 Qb4 28. Nc5 Bd5 29. Rca1 Ra8 30. Na6 1-0

[Event "2nd China Binhai Open 2020"]
[Site "Tianjin"]
[Date "2020.01.13"]
[Round "2.16"]
[White "Xu, Minghui"]
[Black "Amilal Munkhdalai"]
[Result "1-0"]
[ECO "A00"]
[WhiteElo "2406"]
[BlackElo "2126"]
[PlyCount "125"]
[EventDate "2020.01.13"]
[EventType "swiss"]
[EventRounds "9"]
[EventCountry "CHN"]
[TimeControl "5400+30"]

1. Nf3 Nf6 2. g3 e6 3. Bg2 d5 4. d4 b5 5. a4 b4 6. c4 bxc3 7. Nxc3 Bb4 8. O-O O-O 9. Bf4 Bxc3 10. bxc3 Ba6 11. Ne5 Nfd7 12. Nd3 Nc6 13. e4 Bc4 14. Rb1 Rb8 15. Qc2 Rb6 16. Rfe1 Qc8 17. Rxb6 cxb6 18. Nb2 Ba6 19. exd5 Nb4 20. Qb3 Nxd5 21. Bd6 Re8 22. c4 Ne7 23. Bxe7 Rxe7 24. a5 Re8 25. axb6 axb6 26. Rc1 e5 27. dxe5 Rxe5 28. Qb4 Qc7 29. Nd3 Re8 30. Nf4 Nf6 31. Nd5 Nxd5 32. Bxd5 Rc8 33. Ra1 Bb7 34. Ra7 Rb8 35. c5 Qc8 36. Rxb7 Rxb7 37. Bxb7 Qxb7 38. cxb6 h6 39. h3 g5 40. Qd6 Kg7 41. Qc7 Qe4 42. b7 Qe1+ 43. Kg2 Qe4+ 44. Kh2 Qd4 45. Kg1 Qd1+ 46. Kg2 Qd5+ 47. Kh2 Qd4 48. Qc2 Qb6 49. Qc3+ Kg8 50. Qc8+ Kg7 51. Qc3+ Kg8 52. Qf3 Kg7 53. Kg2 Qb5 54. Qe4 Kf8 55. h4 gxh4 56. gxh4 f5 57. Qf3 Kf7 58. Kh3 Qf1+ 59. Kg3 Qb5 60. Kh2 Ke7 61. Qg3 f4 62. Qa3+ Kf7 63. Qa7 1-0

[Event "2nd China Binhai Open 2020"]
[Site "Tianjin"]
[Date "2020.01.13"]
[Round "2.19"]
[White "Lin, Peisen"]
[Black "Nie, Xinyang"]
[Result "0-1"]
[ECO "A00"]
[WhiteElo "1962"]
[BlackElo "2348"]
[PlyCount "68"]
[EventDate "2020.01.13"]
[EventType "swiss"]
[EventRounds "9"]
[EventCountry "CHN"]
[TimeControl "5400+30"]

1. e4 b6 2. d4 Bb7 3. Nc3 e6 4. Nf3 Bb4 5. Bd3 Nf6 6. Qe2 d5 7. exd5 Nxd5 8. Bd2 Nxc3 9. bxc3 Bd6 10. O-O Nd7 11. Ng5 Nf6 12. Rfe1 O-O 13. Ne4 Nxe4 14. Bxe4 Bxe4 15. Qxe4 Qd7 16. c4 Rfe8 17. Rad1 Qa4 18. Qd3 Rad8 19. Qb3 Qa6 20. Be3 h6 21. a4 Qc8 22. a5 e5 23. d5 Qd7 24. Rb1 Qe7 25. Qb5 f5 26. f3 e4 27. Bf2 Qg5 28. fxe4 fxe4 29. Qb3 Rf8 30. Bd4 Rf3 31. Re3 Rdf8 32. Rbe1 R8f5 33. Qb5 Bxh2+ 34. Kh1 Qh4 0-1

[Event "2nd China Binhai Open 2020"]
[Site "Tianjin"]
[Date "2020.01.13"]
[Round "2.23"]
[White "Xi, Qi"]
[Black "Lin Zhaochen"]
[Result "1/2-1/2"]
[ECO "A00"]
[WhiteElo "2261"]
[BlackElo "1934"]
[PlyCount "109"]
[EventDate "2020.01.13"]
[EventType "swiss"]
[EventRounds "9"]
[EventCountry "CHN"]
[TimeControl "5400+30"]

1. d4 d5 2. c4 e6 3. Nc3 Be7 4. Nf3 Nf6 5. Bf4 O-O 6. e3 Nbd7 7. cxd5 Nxd5 8. Nxd5 exd5 9. a3 c6 10. Bd3 Re8 11. O-O g6 12. b4 a6 13. Qb3 Nb6 14. a4 Be6 15. Nd2 Bd6 16. Bxd6 Qxd6 17. Rfc1 Nd7 18. Qc3 Rec8 19. h3 Qe7 20. Nb3 Nf6 21. Nc5 Ne8 22. Qb3 Nd6 23. b5 axb5 24. axb5 Rxa1 25. Rxa1 b6 26. Nxe6 Qxe6 27. bxc6 Rxc6 28. Re1 Ne8 29. e4 Nf6 30. e5 Ne8 31. Bb5 Rc8 32. Qa4 Qe7 33. Bc6 Nc7 34. Rb1 Rb8 35. Qa7 Qd8 36. Rxb6 Rxb6 37. Qxb6 Qg5 38. g3 Qd8 39. h4 Kg7 40. Kf1 Kg8 41. Ke2 h5 42. Kd3 Kg7 43. Bxd5 Qxd5 44. Qxc7 Qf3+ 45. Kc4 Qxf2 46. Qd8 Qxg3 47. Qf6+ Kg8 48. d5 Qa3 49. e6 Qa4+ 50. Kc5 Qa5+ 51. Kd6 Qb6+ 52. Kd7 Qb5+ 53. Ke7 Qb7+ 54. Kd8 Qb6+ 55. Kd7 1/2-1/2

[Event "2nd China Binhai Open 2020"]
[Site "Tianjin"]
[Date "2020.01.13"]
[Round "2.24"]
[White "Zhang, Lanlin"]
[Black "Zhu, Chenxi"]
[Result "1/2-1/2"]
[ECO "A00"]
[WhiteElo "2173"]
[BlackElo "1286"]
[PlyCount "105"]
[EventDate "2020.01.13"]
[EventType "swiss"]
[EventRounds "9"]
[EventCountry "CHN"]
[TimeControl "5400+30"]

1. e4 c5 2. Nf3 d6 3. d4 cxd4 4. Nxd4 Nf6 5. Nc3 a6 6. Be3 e5 7. Nb3 Be6 8. f3 Be7 9. Qd2 Nbd7 10. O-O-O O-O 11. g4 b5 12. g5 b4 13. Ne2 Ne8 14. f4 a5 15. f5 a4 16. Nbd4 exd4 17. Nxd4 b3 18. Kb1 bxc2+ 19. Nxc2 Bb3 20. axb3 axb3 21. Na3 Ne5 22. Qc3 Bxg5 23. Bxg5 Qxg5 24. Bc4 Nf6 25. Rhg1 Qf4 26. Qg3 Qxg3 27. Rxg3 Rxa3 28. bxa3 Nxc4 29. Rxb3 Nxe4 30. Ka2 Nf6 31. a4 d5 32. Rb5 Ne4 33. Rd3 Nf6 34. Rdb3 g6 35. fxg6 hxg6 36. Rb8 Ne4 37. R8b5 Ra8 38. Rb8+ Rxb8 39. Rxb8+ Kg7 40. Rd8 Nc5 41. Rxd5 Nxa4 42. Kb3 Nab6 43. Rb5 f5 44. Kc3 Kf6 45. h4 Nc8 46. Kd4 N8d6 47. Rb3 f4 48. Rh3 Kf5 49. h5 Kg4 50. hxg6 Kxh3 51. g7 Nf5+ 52. Ke4 Nxg7 53. Kxf4 1/2-1/2

[Event "2nd China Binhai Open 2020"]
[Site "Tianjin"]
[Date "2020.01.13"]
[Round "2.25"]
[White "Qiu, Mengjie"]
[Black "Li, Konstantin N."]
[Result "1-0"]
[ECO "A00"]
[WhiteElo "2167"]
[BlackElo "1454"]
[PlyCount "69"]
[EventDate "2020.01.13"]
[EventType "swiss"]
[EventRounds "9"]
[EventCountry "CHN"]
[TimeControl "5400+30"]

1. e4 e5 2. Nf3 Nc6 3. Bb5 a6 4. Ba4 Nf6 5. O-O Be7 6. Re1 b5 7. Bb3 d6 8. c3 Na5 9. Bc2 c5 10. d4 Nc6 11. d5 Na5 12. h3 O-O 13. Nbd2 Re8 14. b3 c4 15. b4 Nb7 16. a4 Bd7 17. axb5 Bxb5 18. Ba4 Qd7 19. Bxb5 Qxb5 20. Nb1 Rec8 21. Na3 Qd7 22. Nd2 a5 23. Naxc4 Qd8 24. Bb2 axb4 25. cxb4 Nd7 26. Qe2 Nb6 27. Na5 Nxa5 28. bxa5 Rc2 29. axb6 Rxb2 30. Rxa8 Qxa8 31. Rb1 Qa2 32. Rxb2 Qxb2 33. Qa6 Qxd2 34. Qc8+ Bf8 35. b7 1-0

[Event "2nd China Binhai Open 2020"]
[Site "Tianjin"]
[Date "2020.01.13"]
[Round "2.26"]
[White "Du, Yuxin"]
[Black "Wang, Zeyu"]
[Result "1/2-1/2"]
[ECO "A00"]
[WhiteElo "2073"]
[BlackElo "1395"]
[PlyCount "108"]
[EventDate "2020.01.13"]
[EventType "swiss"]
[EventRounds "9"]
[EventCountry "CHN"]
[TimeControl "5400+30"]

1. e4 e6 2. d4 d5 3. Nd2 Nf6 4. e5 Nfd7 5. Bd3 c5 6. c3 Nc6 7. Ne2 cxd4 8. cxd4 f6 9. exf6 Nxf6 10. Nf3 Bd6 11. O-O Qc7 12. Bg5 O-O 13. Bh4 Nh5 14. Qc2 h6 15. Bg6 Nf4 16. Nxf4 Bxf4 17. Bg3 Bd7 18. Rfe1 Bxg3 19. hxg3 Qd6 20. Rad1 Be8 21. Ne5 Nxe5 22. Bh7+ Kh8 23. Rxe5 Bd7 24. Bd3 Rac8 25. Qd2 Qb6 26. Bb1 Qa6 27. Re3 Rf6 28. Ra3 Qb6 29. Qd3 g6 30. Qd2 Kg7 31. g4 Rcf8 32. Rh3 Rh8 33. g5 hxg5 34. Rxh8 Kxh8 35. Qxg5 Kg7 36. b3 Qd6 37. Rc1 Bc6 38. g3 Qb4 39. Qe3 Qd6 40. Kg2 Qf8 41. Rh1 a6 42. Qh6+ Kf7 43. Qxf8+ Kxf8 44. Rh7 Kg8 45. Rc7 Rf7 46. Rxf7 Kxf7 47. Kf3 Kf6 48. Kf4 Be8 49. Bd3 Bd7 50. f3 Be8 51. a3 Bd7 52. Ke3 Be8 53. Kd2 Ke7 54. Kc3 Kd6 1/2-1/2

[Event "2nd China Binhai Open 2020"]
[Site "Tianjin"]
[Date "2020.01.13"]
[Round "2.27"]
[White "Zhang, Yichi"]
[Black "Zhou, Yichen"]
[Result "0-1"]
[ECO "A00"]
[WhiteElo "1638"]
[BlackElo "1536"]
[PlyCount "136"]
[EventDate "2020.01.13"]
[EventType "swiss"]
[EventRounds "9"]
[EventCountry "CHN"]
[TimeControl "5400+30"]

1. d4 Nf6 2. c4 e6 3. Nc3 Bb4 4. a3 Bxc3+ 5. bxc3 O-O 6. f3 d5 7. cxd5 exd5 8. e3 c5 9. Bd3 Nc6 10. Ne2 b6 11. O-O Bb7 12. dxc5 bxc5 13. Bb2 Re8 14. Bc1 Ne5 15. Ng3 Nxd3 16. Qxd3 g6 17. Re1 h5 18. Bd2 Nd7 19. e4 Ne5 20. Qc2 h4 21. Nh1 dxe4 22. fxe4 h3 23. Ng3 hxg2 24. Kxg2 Qd3 25. Qxd3 Nxd3 26. Re3 Rad8 27. Rf1 f5 28. Kg1 f4 29. Ref3 fxg3 30. Rxg3 Bxe4 31. Be3 Rf8 32. Rxf8+ Rxf8 33. h4 Rf3 34. Rxf3 Bxf3 35. Kh2 a5 36. Kg3 Be4 37. Kg4 Kf7 38. h5 gxh5+ 39. Kxh5 Ke6 40. c4 Kd6 41. Bd2 a4 42. Kg5 Bh7 43. Kg4 Ne5+ 44. Kf4 Nxc4 45. Bc1 Kd5 46. Kf3 Kd4 47. Ke2 Kc3 48. Kd1 Kb3 49. Bg5 Nxa3 50. Be7 c4 51. Kc1 Nb5 52. Bf6 c3 53. Be7 a3 54. Bxa3 Nxa3 55. Kd1 Kb2 56. Ke2 c2 57. Kf2 Bg8 58. Kf3 c1=Q 59. Ke4 Qg5 60. Kd4 Qf4+ 61. Kc5 Qe5+ 62. Kc6 Qd5+ 63. Kc7 Nb5+ 64. Kb6 Kb3 65. Ka6 Kb4 66. Kb6 Qd6+ 67. Kb7 Qc7+ 68. Ka8 Qa7# 0-1

[Event "2nd China Binhai Open 2020"]
[Site "Tianjin"]
[Date "2020.01.13"]
[Round "2.28"]
[White "Guo, Weibao"]
[Black "Weng, Xintong"]
[Result "1-0"]
[ECO "A00"]
[WhiteElo "1905"]
[BlackElo "1572"]
[PlyCount "127"]
[EventDate "2020.01.13"]
[EventType "swiss"]
[EventRounds "9"]
[EventCountry "CHN"]
[TimeControl "5400+30"]

1. d4 d5 2. c4 e6 3. Nf3 Nf6 4. e3 Nbd7 5. Nc3 Bb4 6. Bd2 c6 7. Bd3 dxc4 8. Bxc4 b5 9. Bd3 Bb7 10. O-O O-O 11. Qc2 a6 12. Ne4 Bxd2 13. Nfxd2 h6 14. Nc5 Nxc5 15. dxc5 Qe7 16. Ne4 Nxe4 17. Bxe4 Rfd8 18. Rad1 Rxd1 19. Rxd1 Rd8 20. b4 Rd7 21. g3 Qd8 22. Rxd7 Qxd7 23. Kg2 Kf8 24. Bf3 Kg8 25. Qc3 Qd8 26. Qe5 Kf8 27. h4 Kg8 28. Be4 Kf8 29. Qf4 Kg8 30. Kh2 h5 31. Bf3 g6 32. Kg2 Kg7 33. Qe5+ Kg8 34. Be4 Qd7 35. Qb8+ Kg7 36. Bf3 Qe7 37. Qe5+ Kg8 38. Kf1 Qd8 39. Ke2 Kf8 40. Be4 Qd7 41. Qf6 Kg8 42. Qe5 Kf8 43. Qh8+ Ke7 44. Qb8 f5 45. Bf3 Kf6 46. Qf8+ Qf7 47. Qh8+ Qg7 48. Qe8 Qc7 49. Qf8+ Qf7 50. Qd6 Qe7 51. Qxe7+ Kxe7 52. e4 Kf6 53. Ke3 Ke5 54. exf5 exf5 55. Bd1 Bc8 56. Bb3 Be6 57. Bxe6 Kxe6 58. Kf4 Kf6 59. f3 Ke6 60. Kg5 Kf7 61. Kh6 Kf6 62. Kh7 Kf7 63. f4 Kf6 64. Kg8 1-0

[Event "2nd China Binhai Open 2020"]
[Site "Tianjin"]
[Date "2020.01.13"]
[Round "2.29"]
[White "Guan, Runpei"]
[Black "Cai, Zhuoran"]
[Result "0-1"]
[ECO "A00"]
[WhiteElo "1561"]
[BlackElo "1902"]
[PlyCount "116"]
[EventDate "2020.01.13"]
[EventType "swiss"]
[EventRounds "9"]
[EventCountry "CHN"]
[TimeControl "5400+30"]

1. d4 Nf6 2. c4 e6 3. Nf3 b6 4. g3 Bb7 5. Bg2 Be7 6. O-O O-O 7. Nc3 d5 8. Ne5 Nbd7 9. cxd5 Nxd5 10. Nxd7 Qxd7 11. e4 Nxc3 12. bxc3 Rac8 13. Qg4 Rfd8 14. Bh6 Bf8 15. Bg5 Be7 16. Rfd1 Bxg5 17. Qxg5 Qa4 18. d5 Qb5 19. Qg4 Re8 20. e5 Bxd5 21. a4 Qc5 22. Bxd5 exd5 23. Rac1 Rcd8 24. Qd4 Qe7 25. f4 f6 26. Re1 fxe5 27. Rxe5 Qc5 28. Kg2 Qxd4 29. cxd4 Rxe5 30. fxe5 Rd7 31. Rc6 Kf8 32. Kf3 Rf7+ 33. Kg4 a5 34. h4 Ke8 35. e6 Rf6 36. Rxc7 Rxe6 37. Rxg7 Re4+ 38. Kf5 Rxd4 39. Rxh7 Rxa4 40. Ke6 Kf8 41. Kxd5 Rg4 42. Kc6 Rb4 43. h5 a4 44. h6 Kg8 45. Rg7+ Kh8 46. g4 a3 47. g5 Ra4 48. g6 a2 49. Rd7 Ra8 50. Rh7+ Kg8 51. Rg7+ Kf8 52. Rf7+ Ke8 53. Kd6 a1=Q 54. Re7+ Kd8 55. Rd7+ Kc8 56. Rc7+ Kb8 57. Rf7 Ra5 58. g7 Qe5+ 0-1

[Event "2nd China Binhai Open 2020"]
[Site "Tianjin"]
[Date "2020.01.13"]
[Round "2.30"]
[White "Tian, Jialin"]
[Black "Song, Ethan"]
[Result "1-0"]
[ECO "C77"]
[WhiteElo "1902"]
[BlackElo "1494"]
[PlyCount "111"]
[EventDate "2020.01.13"]
[EventType "swiss"]
[EventRounds "9"]
[EventCountry "CHN"]
[TimeControl "5400+30"]

1. e4 e5 2. Nf3 Nc6 3. Bb5 Nf6 4. d3 d6 5. c3 a6 6. Ba4 b5 7. Bc2 Be7 8. Nbd2 O-O 9. O-O Be6 10. Re1 Na7 11. d4 exd4 12. cxd4 c5 13. d5 Bg4 14. h3 Bh5 15. Nf1 Nd7 16. Bf4 f6 17. g4 Bg6 18. Bg3 Ne5 19. Nh4 Be8 20. Ne3 g6 21. Nhg2 c4 22. Nf4 Bf7 23. Kg2 Qd7 24. Ne2 Qc7 25. Nd4 Rab8 26. f4 Nd7 27. Ne6 Bxe6 28. dxe6 Nb6 29. Nd5 Nxd5 30. exd5 Rfc8 31. h4 b4 32. h5 Kg7 33. Rh1 Rh8 34. Rc1 Qa5 35. h6+ Kf8 36. Qd4 Nc8 37. g5 Qb6 38. Bf2 Qxd4 39. Bxd4 Rg8 40. gxf6 Bxf6 41. Bxf6 Ne7 42. Be4 Rc8 43. Rc2 Ke8 44. Rhc1 Rf8 45. Bg5 Nf5 46. Bxf5 Rxf5 47. Rxc4 Rxc4 48. Rxc4 Rxg5+ 49. fxg5 b3 50. axb3 Kd8 51. Rc6 a5 52. Rxd6+ Kc7 53. Rc6+ Kd8 54. d6 a4 55. bxa4 Ke8 56. Rc8# 1-0

[Event "2nd China Binhai Open 2020"]
[Site "Tianjin"]
[Date "2020.01.13"]
[Round "2.31"]
[White "Xu, Zicheng"]
[Black "Xu, Nuo"]
[Result "1/2-1/2"]
[ECO "A00"]
[WhiteElo "1448"]
[BlackElo "1891"]
[PlyCount "125"]
[EventDate "2020.01.13"]
[EventType "swiss"]
[EventRounds "9"]
[EventCountry "CHN"]
[TimeControl "5400+30"]

1. d4 Nf6 2. Nf3 e6 3. Bf4 b6 4. e3 Bb7 5. Bd3 c5 6. c3 d5 7. O-O Be7 8. h3 O-O 9. Nbd2 Nbd7 10. Re1 Nh5 11. Bh2 f5 12. Ne5 Nhf6 13. f4 a6 14. Ndf3 Ne4 15. Qe2 Ndf6 16. Red1 b5 17. g4 Qe8 18. Qe1 a5 19. Nh4 c4 20. Be2 Nd7 21. Nhf3 b4 22. Rab1 Nb6 23. Bg3 Na4 24. Rdc1 Rb8 25. Nh4 Ba8 26. Bf3 bxc3 27. b3 Nd2 28. bxa4 Rxb1 29. Rxb1 Nxb1 30. Qxb1 Qxa4 31. Bd1 Qb4 32. Qc2 g6 33. Nhf3 Qb2 34. Qa4 Rd8 35. Be1 Qc1 36. Kf2 Qa3 37. Qc2 Bb4 38. Ng5 Rd6 39. gxf5 exf5 40. Nef7 Rf6 41. Ne5 Qb2 42. Nd7 Rd6 43. Ne5 Rb6 44. Nd7 Rd6 45. Ne5 Kg7 46. Kf1 Qxc2 47. Bxc2 h6 48. Ngf3 Bc6 49. Nxc6 Rxc6 50. Ne5 Rb6 51. a4 Rb7 52. Ke2 Kf6 53. h4 Rh7 54. Nf3 Rh8 55. Kf2 Rb8 56. Ne5 Kg7 57. Ke2 Rb7 58. Nf3 Re7 59. Kf2 Re6 60. Ne5 Rb6 61. Ke2 Rb7 62. Nf3 Rb8 63. Ne5 1/2-1/2

[Event "2nd China Binhai Open 2020"]
[Site "Tianjin"]
[Date "2020.01.13"]
[Round "2.32"]
[White "Gong, Sunle"]
[Black "Shao, Ziyang B"]
[Result "1/2-1/2"]
[ECO "E85"]
[WhiteElo "1860"]
[BlackElo "1464"]
[PlyCount "139"]
[EventDate "2020.01.13"]
[EventType "swiss"]
[EventRounds "9"]
[EventCountry "CHN"]
[TimeControl "5400+30"]

1. d4 Nf6 2. c4 g6 3. f3 Bg7 4. e4 d6 5. Nc3 O-O 6. Be3 e5 7. Nge2 Nc6 8. d5 Ne7 9. g4 h5 10. h3 a6 11. Qd2 Bd7 12. Bg5 Nh7 13. Bh6 h4 14. Be3 b5 15. c5 dxc5 16. Bxc5 g5 17. Rd1 Bc8 18. Nc1 Re8 19. b4 Ng6 20. Nb3 Qf6 21. Qe3 Qf4 22. Ne2 Qf6 23. Rh2 Bf8 24. Rc1 Bd6 25. Rf2 Nhf8 26. Na5 Nd7 27. Bxd6 Qxd6 28. a3 Qb6 29. Qxg5 c5 30. dxc6 Ndf8 31. Nc3 Ne6 32. Qd2 Rd8 33. Nd5 Qd4 34. Qxd4 Nxd4 35. Nb6 Ra7 36. c7 Re8 37. Nc6 Rxc7 38. Nd5 Rxc6 39. Rxc6 Nxc6 40. Nf6+ Kf8 41. Nxe8 Kxe8 42. Rc2 Kd7 43. Kf2 Kd6 44. Ke3 Be6 45. Rc5 Nf4 46. Rc1 Ng6 47. Rd1+ Nd4 48. Rd2 Bc4 49. Rd1 Bxf1 50. Rxf1 Nf4 51. Rh1 Kc6 52. Rc1+ Kb6 53. Rc5 Nc6 54. Rc1 Nxh3 55. g5 Nf4 56. Rd1 Nd4 57. Kf2 a5 58. Rd2 Nh3+ 59. Ke3 Nxg5 60. f4 exf4+ 61. Kxf4 Ngf3 62. Rd1 axb4 63. axb4 h3 64. e5 h2 65. Rh1 Kc6 66. Ke4 Kd7 67. Ke3 Ke6 68. Ke4 f5+ 69. exf6 Kxf6 70. Rxh2 1/2-1/2

[Event "2nd China Binhai Open 2020"]
[Site "Tianjin"]
[Date "2020.01.13"]
[Round "2.33"]
[White "Sun, Haiyang"]
[Black "Chen, Yiru"]
[Result "0-1"]
[ECO "A00"]
[WhiteElo "1324"]
[BlackElo "1852"]
[PlyCount "162"]
[EventDate "2020.01.13"]
[EventType "swiss"]
[EventRounds "9"]
[EventCountry "CHN"]
[TimeControl "5400+30"]

1. d4 Nf6 2. c4 e6 3. Nf3 b6 4. g3 Ba6 5. Qc2 c5 6. d5 Bb7 7. Nc3 exd5 8. cxd5 Nxd5 9. Bg2 Nf6 10. O-O Be7 11. Rd1 Nc6 12. Bf4 a6 13. Bd6 Bxd6 14. Rxd6 Qc7 15. Rad1 O-O-O 16. R6d2 Rhe8 17. Qb3 d6 18. Nd5 Nxd5 19. Qxd5 Nd4 20. Qc4 b5 21. Qd3 Qc6 22. Ne1 Qc7 23. Bxb7+ Qxb7 24. Nc2 Nxc2 25. Qxc2 Qe4 26. Qc3 Qe5 27. Qf3 Kb8 28. Qxf7 Rf8 29. Qd5 Qf6 30. e4 Qe7 31. e5 dxe5 32. Qc6 Rxd2 33. Rxd2 Rf6 34. Qd7 Re6 35. Qd3 g6 36. Re2 e4 37. Qe3 Qd6 38. Kg2 Kc7 39. f3 exf3+ 40. Qxf3 Rxe2+ 41. Qxe2 Qd5+ 42. Kg1 Qxa2 43. Qe7+ Kc6 44. Qf6+ Kd7 45. Qg7+ Ke8 46. Qh8+ Ke7 47. Qxh7+ Qf7 48. Qh4+ Kd7 49. Qg4+ Qe6 50. Qd1+ Kc7 51. Qc1 Kb6 52. Qd1 Qe3+ 53. Kf1 Qd4 54. Qc2 Qf6+ 55. Kg1 a5 56. h3 a4 57. Kh2 Qd6 58. h4 Qc6 59. Qd2 b4 60. Qd8+ Kb5 61. Qb8+ Qb6 62. Qe8+ Qc6 63. Qe2+ c4 64. Qe5+ Ka6 65. Qd4 c3 66. Qd3+ Ka5 67. Qd8+ Kb5 68. Qb8+ Kc4 69. Qg8+ Kd3 70. Qd8+ Kc2 71. bxc3 b3 72. Qe7 b2 73. Qe2+ Kb3 74. Qd1+ Ka2 75. Qc2 Ka1 76. Qxb2+ Kxb2 77. g4 a3 78. h5 a2 79. hxg6 a1=Q 80. g7 Qah1+ 81. Kg3 Qcf3# 0-1